 Dungeon Crawl Stone Soup version 0.29.0-13-gc9e81de378 (webtiles) character file.

Game seed: 17979722994961837907

7 ponyjar the Conjurer (level 2, -3/25 HPs)
             Began as a Naga Wanderer on Sept 10, 2022.
             Slain by a kobold
             ... wielding a +0 dagger
              (4 damage)
             ... on level 1 of the Dungeon.
             The game lasted 00:00:35 (170 turns).

ponyjar the Conjurer (Naga Wanderer)                 Turns: 170, Time: 00:00:35

Health: -3/25      AC:  2    Str: 12    XL:     2   Next: 0%
Magic:  0/5        EV:  9    Int: 13    God:
Gold:   15         SH:  0    Dex: 11    Spells: 4/5 levels left

rFire   . . .      SeeInvis +   a - +0 short sword
rCold   . . .      Faith    .   (no shield)
rNeg    . . .      Spirit   .   d - +0 robe
rPois   +          Reflect  .   b - +0 helmet
rElec   .          Harm     .   (no cloak)
rCorr   .          Rampage  .   (no gloves)
Will    .....                   (no barding)
Stlth   ++........              (no amulet)
HPRegen 0.08/turn               (no ring)
MPRegen 0.09/turn               (no ring)

@: very slow
A: AC +0, large, see invisible, deformed body, poison resistance, slowness 2,
spit poison 1, naga tail 1
a: Spit Poison


You were on level 1 of the Dungeon.
You visited 1 branch of the dungeon, and saw 1 of its levels.

You collected 15 gold pieces.

Inventory:

Hand Weapons
 a - a +0 short sword (weapon)
Armour
 b - a +0 helmet (worn)
 d - a +0 robe (worn)
Scrolls
 e - a scroll of teleportation {unknown}
Potions
 c - a potion of might


   Skills:
 * Level 1.2 Fighting
 - Level 1.0 Short Blades
 - Level 3.0 Stealth
 * Level 2.1 Spellcasting
 * Level 3.1 Conjurations
 * Level 0.5 Fire Magic
 - Level 1.0 Evocations


You had 4 spell levels left.
You knew the following spells:

 Your Spells              Type           Power      Damage    Failure   Level
a - Foxfire               Conj/Fire      24%        2x1d5     12%         1

Your spell library contained the following spells:

 Spells                   Type           Power      Damage    Failure   Level
 Gell's Gravitas          Tloc           1%         N/A       58%         3
 Teleport Other           Tloc           1%         N/A       58%         3
 Flame Wave               Conj/Fire      6%         2d5       75%         4
 Sticky Flame             Conj/Fire      6%         2d3       75%         4
 Dispersal                Tloc           0%         N/A       100%        6


Dungeon Overview and Level Annotations

Branches:
Dungeon (1/15)

Altars:


Innate Abilities, Weirdness & Mutations

Your serpentine skin is tough. (AC +0)
You have supernaturally acute eyesight. (SInv)
Armour fits poorly on your strangely shaped body.
Your system is resistant to poisons. (rPois)
You cover ground very slowly.
You can spit poison.
You have a snake-like lower body.


Message History

The endoplasm is heavily wounded.
The kobold hits you with a +0 dagger. The endoplasm barely misses you.
Unknown command.
Casting: Foxfire (safe; 12% risk of failure)
Confirm with . or Enter, or press ? or * to list all spells.
You conjure some foxfire!
The kobold hits you but does no damage. x2
The endoplasm barely misses you.
Unknown command.
Unknown command.
You barely miss the endoplasm.
The endoplasm is heavily wounded.
The foxfire hits the kobold but does no damage.
The foxfire hits the endoplasm.
You kill the endoplasm!
The kobold hits you with a +0 dagger. The kobold barely misses you.
You have reached level 2!
Casting: Foxfire (safe; 12% risk of failure)
Confirm with . or Enter, or press ? or * to list all spells.
You don't have enough magic to cast this spell.
Unknown command.
You closely miss the kobold. The kobold barely misses you.
The kobold hits you with a +0 dagger.
You hit the kobold.
The kobold is moderately wounded.
The kobold hits you with a +0 dagger.
* * * LOW HITPOINT WARNING * * *
The kobold hits you with a +0 dagger.
* * * LOW HITPOINT WARNING * * *
Unknown command.
The kobold throws a stone.
The stone barely misses you. The kobold hits you with a +0 dagger.
* * * LOW HITPOINT WARNING * * *
The kobold hits you with a +0 dagger.
* * * LOW HITPOINT WARNING * * *
Casting: Foxfire (safe; 12% risk of failure)
Confirm with . or Enter, or press ? or * to list all spells.
You don't have enough magic to cast this spell.
Unknown command.
The kobold attacks as you move away! The kobold hits you with a +0 dagger.
You die...

#..................####.
#######.)...............
......#..♣.♣.♣.♣........
......##................
.......'...............)
.<.....'.......†...$....
.......'................
......##........KK......
......#..♣.♣.♣.♣@.......
#######.................
# ............###### #
............#
..........# .........#
##########


You could see 2 kobolds.

Vanquished Creatures
  An endoplasm (D:1)
  A goblin (D:1)
  A kobold (D:1)
  A ball python (D:1)
  2 frilled lizards (D:1)
  A rat (D:1)
7 creatures vanquished.

Vanquished Creatures (others)
  12 foxfires (D:1)
12 creatures vanquished.

Grand Total: 19 creatures vanquished

Notes
Turn   | Place    | Note
-------+----------+-------------------------------------------
     0 | D:1      | ponyjar the Naga Wanderer began the quest for the Orb.
     0 | D:1      | ponyjar set off with the following items: a +0 short sword,
                  | a +0 helmet, a potion of might, a +0 robe; and the
                  | following spell memorised: Foxfire; and the following
                  | spells available to memorise: Flame Wave, Sticky Flame.
     0 | D:1      | Reached XP level 1. HP: 18/18 MP: 3/3
   167 | D:1      | Reached XP level 2. HP: 9/25 MP: 0/5
   169 | D:1      | HP: 1/25 [kobold/+0 dagger (2)]
   170 | D:1      | Slain by a kobold

Illustrated notes

Levels and vault maps discovered:
D:1:      wander_arrival_estate, layout_rooms, shapermc_ecumenical_altar_ellora,
          minmay_tree_intersection, minmay_heptomino_l4

Action                   || total
-------------------------++-------
Melee: Short sword       ||     9
 Cast: Foxfire           ||     8
Armor: Robe              ||     3
Dodge: Dodged            ||    10
